 Dungeon Crawl Stone Soup version 0.24-a0-530-g18ba70b503 (webtiles) character file.

Game seed: 5228701345044132661

709 Peloso the Covered (level 7, -3/60 HPs)
             Began as a Minotaur Fighter on Aug 8, 2019.
             Killed by divine providence
             ... invoked by an orc priest
              (14 damage)
             ... on level 5 of the Dungeon.
             The game lasted 00:05:16 (3973 turns).

Peloso the Covered (Minotaur Fighter)               Turns: 3973, Time: 00:05:16

Health: -3/60      AC:  7    Str: 21      XL:     7   Next: 40%
Magic:  6/6        EV:  8    Int:  5      God:
Gold:   268        SH: 10    Dex:  6 (11) Spells: 6/6 levels left

rFire    . . .     SeeInvis .   a - +0 long sword
rCold    . . .     Gourm    .   c - +0 shield
rNeg     . . .     Faith    .   b - +0 scale mail
rPois    .         Spirit   .   (helmet restricted)
rElec    .         Reflect  .   (no cloak)
rCorr    .         Harm     .   (no gloves)
MR       .....                  (no boots)
Stlth    ..........             (no amulet)
HPRegen  0.20/turn              (no ring)
MPRegen  0.10/turn              (no ring)

@: lethally poisoned (-3 -> -4)
A: retaliatory headbutt, horns 2
a: no special abilities


You were on level 5 of the Dungeon.
You were hungry.

You visited 1 branch of the dungeon, and saw 5 of its levels.

You collected 268 gold pieces.

Inventory:

Hand Weapons
 a - a +0 long sword (weapon)
Armour
 b - a +0 scale mail (worn)
 c - a +0 shield (worn)
Wands
 o - a wand of iceblast (6)
Scrolls
 e - a scroll of teleportation
 g - a scroll of amnesia {unknown}
 j - a scroll of identify
 k - a scroll of remove curse {unknown}
 m - a scroll of immolation {unknown}
 n - 2 scrolls of blinking {unknown}
 p - a scroll of enchant armour {unknown}
Potions
 d - a potion of might
 h - 3 potions of curing
 i - a potion of ambrosia
 l - a potion of heal wounds {unknown}
Comestibles
 f - 6 rations


   Skills:
 + Level 4.8 Fighting
 + Level 5.3 Long Blades
 + Level 6.2 Armour
 + Level 2.6 Dodging
 + Level 1.0 Stealth
 + Level 6.0 Shields


You had 6 spell levels left.
You didn't know any spells.
Your spell library was empty.

Dungeon Overview and Level Annotations

Branches:
Dungeon (5/15)
 Temple: D:4-7

Altars:
Dithmenos
Nemelex Xobeh

Annotations:
D:4 Eustachio


Innate Abilities, Weirdness & Mutations

You reflexively headbutt those who attack you in melee.
You have a pair of horns on your head.


Message History

Unknown command.
The quokka bites you but does no damage.
You block the orc priest's attack.
There is a stone staircase leading up, spattered with blood here.
Things that are here:
a +0 dagger; a +0 flail; an orc corpse You hit the quokka.
The quokka is almost dead.
You feel sick. The quokka barely misses you.
You riposte.
You slash the quokka!
You kill the quokka!
You block the orc priest's attack.
The orc priest invokes the aid of Beogh against you.
Pain shoots through your body!
* * * LOW HITPOINT WARNING * * *
You see here a quokka corpse.
You slash the orc priest!
The orc priest is severely wounded.
The orc priest calls down the wrath of Beogh upon you.
Beogh smites you!
You die...

#### ..#
#.# #.#
#.#
..##.##<#
......o@#
.......##
.###.#.
#....
#..#.
..#.. ...
## ..


You could see an orc priest.

Vanquished Creatures
  Sigmund (D:4)
  An ice beast (D:5)
  2 orc priests
  3 hounds
  4 orc wizards
  3 worker ants
  2 adders (D:3)
  3 worms
  A dart slug (D:1)
  5 leopard geckos
  15 orcs
  2 giant cockroaches
  7 goblins
  11 hobgoblins
  5 jackals (D:3)
  A quokka (D:5)
  A ball python (D:3)
  2 bats
  2 frilled lizards (D:3)
  8 kobolds
  6 rats
85 creatures vanquished.

Notes
Turn   | Place    | Note
-------+----------+-------------------------------------------
     0 | D:1      | Peloso the Minotaur Fighter began the quest for the Orb.
     0 | D:1      | Reached XP level 1. HP: 19/19 MP: 0/0
   129 | D:1      | Reached XP level 2. HP: 18/27 MP: 1/1
   439 | D:1      | Reached XP level 3. HP: 32/33 MP: 2/2
   649 | D:2      | Found a sparkling altar of Nemelex Xobeh.
  1324 | D:3      | Reached XP level 4. HP: 22/40 MP: 3/3
  1942 | D:3      | Reached XP level 5. HP: 45/47 MP: 4/4
  1965 | D:3      | Reached skill level 5 in Armour
  2365 | D:4      | Reached skill level 1 in Dodging
  2365 | D:4      | Reached skill level 5 in Shields
  2378 | D:4      | Reached XP level 6. HP: 29/53 MP: 5/5
  2630 | D:4      | Reached skill level 1 in Stealth
  2843 | D:4      | Noticed Eustachio
  2917 | D:4      | Found a shadowy altar of Dithmenos.
  3304 | D:4      | Noticed Sigmund
  3316 | D:4      | Killed Sigmund
  3316 | D:4      | Reached skill level 5 in Long Blades
  3316 | D:4      | Reached XP level 7. HP: 22/60 MP: 6/6
  3705 | D:5      | Entered Level 5 of the Dungeon
  3973 | D:5      | Killed from afar by an orc priest

Levels and vault maps discovered:
D:1:      minmay_arrival_four_houses, layout_rooms, serial_glass,
          glass_columns_b, glass_columns_a, hex_large, hangedman_feature_mirror
D:2:      layout_loops_ring, lemuel_round_altar
D:3:      layout_loops_ring, first_ration
D:4:      layout_loops_corners, lemuel_coloured_pillars_altar, uniq_eustachio,
          uniq_sigmund
D:5:      layout_loops_cross, zin_angel, grunt_dithmenos_smoke_and_mirrors,
          uniq_grinder, uniq_duvessa

Skill      XL: |  1  2  3  4  5  6  7 |
---------------+----------------------+-----
Shields        | 4 5 6 |  6.0
Fighting       | 4 |  4.8
Armour         | 4 5 6 |  6.2
Long Blades    | 3 4 5 |  5.3
Dodging        | 1 2 |  2.6
Stealth        | 1 |  1.0

Action                   |  1- 3 |  4- 6 |  7- 9 || total
-------------------------+-------+-------+-------++-------
Melee: Long sword        |   102 |   184 |    22 ||   308
       Headbutt          |    12 |    28 |     5 ||    45
  Use: Scroll            |     2 |     3 |       ||     5
       Potion            |       |     1 |     1 ||     2
  Eat: Chunk             |     1 |     5 |       ||     6
       Ration            |       |     1 |       ||     1
Armor: Scale mail        |    38 |   113 |     8 ||   159
Dodge: Dodged            |    29 |    76 |     6 ||   111
Block: Shield            |    48 |   120 |    17 ||   185
       Rpst.: Long sword |     6 |    20 |     6 ||    32

Table legend:
 A = Non-vault XP
 B = Vault XP
 C = Vault XP percentage of total XP
 D = Non-vault monster count
 E = Vault monster count
 F = Vault count percentage of total count
                 A         B        C        D         E       F
            +---------+---------+-------+---------+---------+-------
      Total |     774 |     240 |  23.7 |      82 |       3 |   3.5
            +---------+---------+-------+---------+---------+-------
        D:1 |      41 |       2 |   4.7 |      20 |       2 |   9.1
        D:2 |      10 |       0 |   0.0 |       6 |       0 |   0.0
        D:3 |     227 |       0 |   0.0 |      39 |       0 |   0.0
        D:4 |     285 |     238 |  45.5 |      11 |       1 |   8.3
        D:5 |     211 |       0 |   0.0 |       6 |       0 |   0.0
            +---------+---------+-------+---------+---------+-------
